 Dungeon Crawl Stone Soup version 0.21-a0-241-g2cbab09 (webtiles) character file.

384 mothman the Cudgeler (level 6, 0/51 HPs)
             Began as a Barachi Berserker on Aug 31, 2017.
             Was a Believer of Trog.
             Succumbed to an adder's poison
             ... on level 4 of the Dungeon on Sept 4, 2017.
             The game lasted 00:11:47 (2964 turns).

mothman the Cudgeler (Barachi Berserker)            Turns: 2964, Time: 00:11:48

Health: 0/51       AC:  9    Str: 21    XL:     6   Next: 77%
Magic:  6/6        EV: 11    Int:  7    God:    Trog [**....]
Gold:   210        SH:  0    Dex: 11    Spells: 5/5 levels left

rFire    . . .     SeeInvis .   y - +0 flail (crush)
rCold    . . .     Gourm    .   (no shield)
rNeg     . . .     Faith    .   f - +0 scale mail
rPois    .         Spirit   .   (no helmet)
rElec    .         Reflect  .   (no cloak)
rCorr    .         Harm     .   (no gloves)
MR       .....                  i - +1 pair of boots
Stlth    ..........             (no amulet)
HPRegen  0.17/turn              (no ring)
MPRegen  0.10/turn              (no ring)

@: lethally poisoned (0 -> -3), berserk cooldown, slow
A: +LOS, swims, slowness 1, strong legs 1
a: Hop, Berserk, Trog's Hand, Burn Spellbooks, Renounce Religion


You were on level 4 of the Dungeon.
You worshipped Trog.
Trog was pleased with you.
You were not hungry.

You visited 1 branch of the dungeon, and saw 5 of its levels.

You collected 210 gold pieces.

Inventory:

Hand Weapons
 a - a +0 mace
 y - a +0 flail of crushing (weapon)
Missiles
 c - 2 javelins (quivered)
Armour
 b - a +0 animal skin
 f - a +0 scale mail (worn)
 i - a +1 pair of boots (worn)
Jewellery
 l - an uncursed ring of protection from cold {unknown}
 t - a cursed ring of positive energy {unknown}
 u - an uncursed ring of positive energy {unknown}
Scrolls
 g - 2 scrolls of immolation {unknown}
 h - 2 scrolls of enchant armour {unknown}
 n - 6 scrolls of remove curse {unknown}
 q - 3 scrolls of identify {unknown}
 s - 2 scrolls of teleportation {unknown}
 v - a scroll of fear {unknown}
 z - a scroll of blinking {unknown}
Potions
 d - 3 potions of agility {unknown}
 e - a potion of invisibility {unknown}
 j - 2 potions of haste {unknown}
 m - 2 potions of heal wounds {unknown}
 o - 3 potions of lignification {unknown}
 w - a potion of might {unknown}
 x - a potion of degeneration {unknown}
Comestibles
 p - a royal jelly
 r - a fruit


   Skills:
 + Level 5.1 Fighting
 * Level 5.9 Maces & Flails
 + Level 4.1 Armour
 + Level 3.7 Dodging


You had 5 spell levels left.
You didn't know any spells.

Dungeon Overview and Level Annotations

Branches:
Dungeon (5/15)
 Temple: D:4-7

Altars:
Ashenzari
Dithmenos


Innate Abilities, Weirdness & Mutations

Shadows flee at your approach. (+LOS)
You can swim through water.
You cover ground slowly.
You can hop short distances.


Message History

You feel sick.
The worker ant twitches its antennae in your direction.
Found a mace.
There is a stone staircase leading up here.
You feel sick. The gnoll hits you with a club.
* * * LOW HITPOINT WARNING * * *
The adder bites you but does no damage. The adder misses you.
The iguana bites you.
* * * LOW HITPOINT WARNING * * *
The gnoll hits you but does no damage. The adder closely misses you.
The adder barely misses you.
The iguana bites you but does no damage.
You climb upwards.
You hear the sound of rushing water.
There is an entrance to a sewer on this level.
Hurry and find it before the portal rusts away!
You feel yourself speed up.
* * * LOW HITPOINT WARNING * * *
You feel sick.
There is a stone staircase leading down here.
You die...

#.#.##.##.# #
#####.#.##.##.# .#
#..........##.# #.
##.###.#.#####.# .
#...##.#.## #.#.# #
#.........# ##.#.###.#
#...##.#..# #...#....#
######.#..###..#S..##
#.....#.......@>S..#
.##.######.######gl.##
......†.....# #..##
###.######..# #..# #
#..# #..# #.
#..#####... #.#
#..........+ #.#
#.#######.## #.# #.#
.#


You could see an iguana, a gnoll and 2 adders.

Vanquished Creatures
  A scorpion (D:4)
  A centaur skeleton (D:4)
  10 gnolls
  12 adders
  A howler monkey skeleton (D:4)
  2 oozes
  3 worms
  4 dart slugs
  5 leopard geckos
  An orc (D:4)
  A ball python (D:1)
  A giant cockroach (D:1)
  6 goblins
  6 hobgoblins
  6 kobolds
  2 quokkas
  9 bats
  3 frilled lizards
  A jackal skeleton (D:4)
  17 rats
92 creatures vanquished.

Notes
Turn   | Place    | Note
-------+----------+-------------------------------------------
     0 | D:1      | mothman the Barachi Berserker began the quest for the Orb.
     0 | D:1      | Reached XP level 1. HP: 18/18 MP: 1/1
    42 | D:1      | Upgraded the game from 0.21-a0-228-g14ccbf3 to 0.21-a0-241-g2cbab09
   191 | D:1      | Reached XP level 2. HP: 25/25 MP: 2/2
   603 | D:1      | Reached XP level 3. HP: 26/30 MP: 3/3
  1015 | D:2      | Reached XP level 4. HP: 23/37 MP: 4/4
  1128 | D:2      | Found a shattered altar of Ashenzari.
  1601 | D:2      | Found a shattered altar of Ashenzari.
  1780 | D:2      | Reached ** piety under Trog
  1959 | D:3      | Found a shadowy altar of Dithmenos.
  2069 | D:3      | Reached XP level 5. HP: 37/43 MP: 5/5
  2179 | D:3      | Reached skill level 5 in Maces & Flails
  2411 | D:3      | Reached XP level 6. HP: 50/50 MP: 6/6
  2702 | D:4      | Reached skill level 5 in Fighting
  2961 | D:5      | Entered Level 5 of the Dungeon
  2962 | D:5      | HP: 1/51 [iguana (3)]
  2964 | D:4      | Succumbed to an adder's poison

Vault maps used:
D:1:      dpeg_cavernosity, minmay_misc_feat_cross
D:2:      ashenzari_conservatory_becter, nicolae_ashenzari_panopticon
D:3:      nicolae_dithmenos_through_a_glass_darkly
D:4:      lemuel_round_altar, minmay_temple_entry_enclosed_plants,
          gup_sewer_entry_spiral, grunt_ministairs_14
D:5:      kennysheep_mini, first_bread, st_stairs_7, kennysheep_generic_room_16

Skill      XL: |  1  2  3  4  5  6 |
---------------+-------------------+-----
Fighting       | 4 5 |  5.1
Maces & Flails | 4 5 |  5.9
Armour         | 3 4 |  4.1
Dodging        | 3 |  3.7

Action                   |  1- 3 |  4- 6 || total
-------------------------+-------+-------++-------
Melee: Mace              |   115 |   188 ||   303
       Flail             |       |    44 ||    44
Throw: Javelin           |       |     2 ||     2
Invok: Trog's Hand       |       |     4 ||     4
       Berserk           |       |     3 ||     3
 Abil: Hop               |       |     1 ||     1
  Eat: Bread ration      |     1 |     1 ||     2
       Fruit             |       |     2 ||     2
       Meat ration       |       |     1 ||     1
Armor: Scale mail        |    55 |   105 ||   160
Dodge: Dodged            |    67 |   172 ||   239

Table legend:
 A = Spawn XP
 B = Non-spawn XP
 C = Spawn XP percentage of total XP
 D = Spawn monster count
 E = Non-spawn monster count
 F = Spawn count percentage of total count
 G = Total turns spent on level
                    A         B        C        D         E        F      G
               +---------+---------+-------+---------+---------+-------+---------
         Total |      63 |     486 |  11.5 |      16 |      76 |  17.4 |  2964
               +---------+---------+-------+---------+---------+-------+---------
           D:1 |       6 |      35 |  14.6 |       4 |      20 |  16.7 |   778
           D:2 |      56 |      52 |  51.9 |      11 |      20 |  35.5 |  1181
           D:3 |       1 |     210 |   0.5 |       1 |      26 |   3.7 |   731
           D:4 |       0 |     189 |   0.0 |       0 |      10 |   0.0 |   272
               +---------+---------+-------+---------+---------+-------+---------
